[Event "44th Chess Olympiad Open 2022"]
[Site "Chennai"]
[Date "2022.07.30"]
[Round "2.28"]
[White "Fier, Alexandr"]
[Black "Guzman, Christopher"]
[Result "1-0"]
[WhiteElo "2567"]
[BlackElo "2243"]
[Annotator "TA"]
[PlyCount "99"]
[EventDate "2022.??.??"]
[TimeControl "60"]

1. e4 c6 2. d4 d5 3. e5 Bf5 4. Nf3 e6 5. Be2 h6 6. O-O Ne7 7. Nbd2 {[%emt 0:00:05] B12: Caro-Kann: Advance Variation.} Nd7 8. c3 c5 9. dxc5 {[%emt 0:02:
17] White has an edge.} Nxc5 10. Nb3 $5 {[%emt 0:00:29]
Leaves trodden paths.} Nc6 11. Nfd4 Bh7 {
[%emt 0:09:28] [#]} 12. f4 $146 ({Predecessor:} 12. Be3 Nxb3
13. axb3 Nxe5 14. Bb5+ Nd7 15. Qh5 Bg6 16. Qe5 Qb8 17. Qxb8+ Rxb8 18. Rxa7 {
½-½ (49) Morozevich,A (2760)-Mamedyarov,S (2753) Moscow 2013}) 12... Nxb3 13. Nxb3 Be7 14. Be3 O-O 15. a4 Na5 16. Nd4 Nc4 17. Bc1 Rc8 18. Kh1 Qb6 ({Black should
try} 18... Bc5 $11) 19. b3 Na5 20. b4 Nc4 21. a5 Qc7 22. Qe1 Kh8 23. Qg3 Qd7 24. Qh3 Rce8 25. Bd1 Qc8 26. Ba4 Rd8 27. Ra2 Be4 28. f5 Nxe5
{[%emt 0:04:00] Strongly threatening ...Qc4.} 29. Bxh6 Kg8 $2
{[%emt 0:03:57] [#] This costs Black the game.} (29... gxh6 $11 {and Black has
nothing to worry.} 30. f6 (30. Qxh6+ Kg8 $11) 30... Bxf6 31. Rxf6 (31. Qxh6+
Kg8 $11) 31... Kg8) 30. Qg3 $1 $40 {[%emt 0:05:38][%csl Gh6][%cal Rg3g7] White
wants a kill.} Bf6 (30... Ng6 {was called for.}) 31. fxe6 Ng6 32. Rxf6 {[%emt 0:00:16] Really sharp!}
fxe6 {[%emt 0:01:13] [#]} 33. Rxf8+ Rxf8 34. h4 Rf1+ $2 (34... gxh6 35. h5 e5)
35. Kh2 {[%emt 0:00:06][%cal Ya2e2] Hoping for Re2!} e5 {[%emt 0:00:04] [#]}
36. Bc2 $1 {[%emt 0:07:34] Bxe4 is the strong threat.} exd4 37. Bxe4 dxe4 38. Qxg6 Qc7+ 39. g3 dxc3 40. Bf4 Qc4 41. Qe8+ Kh7 42. Qh5+ Kg8 43. Rc2 (43. Re2 $142) 43... Rb1 $2 (43... Re1 44. Rf2
Qd4) 44. Qe5 Rb3 (44... Rxb4 $142 45. Qe8+
Kh7) 45. h5 {[%emt 0:00:00] White wants to mate with Qe8+.} Rxb4 46. Qe8+ Kh7 47. Be5 Qc6 48. Qf8 (48. Qf7 $142 Qh6 49. Qf5+ Kh8
50. Rxc3 Rc4 51. Rxc4 Qd2+ 52. Kh3 Qd8 53. Rc8) 48... Qh6 49.
Qf5+ Kg8 50. Rxc3 {[%emt 0:00:00] Weighted
Error Value: White=0.13 (very precise) /Black=0.62} 1-0

[Event "44th Chess Olympiad Open 2022"]
[Site "Chennai"]
[Date "2022.07.30"]
[Round "2.28"]
[White "Diamant, Andre"]
[Black "Camacho Campusano, David Daniel"]
[Result "1/2-1/2"]
[WhiteElo "2538"]
[BlackElo "2221"]
[Annotator "ChessBase"]
[PlyCount "77"]
[EventDate "2022.??.??"]
[TimeControl "60"]

1. c4 Nf6 2. Nc3 c5 3. Nf3 Nc6 4. d4 cxd4 5. Nxd4 e6 6. a3 d5 7. cxd5 Nxd4 8. Qxd4 Nxd5 9. Nxd5 Qxd5 10. Qxd5 exd5 11. Be3 Bd6 12. g3 Be5 13. O-O-O Bf5 14. Rxd5 Rc8+ 15. Kd2 f6 16. Bg2 Rc2+ 17. Kd1 Rxb2 18. f4 Rb1+ 19. Kd2 Rb2+ 20. Kd1 Rb1+ 21. Bc1 Bb2 22. Kd2 Be6 23. Rc5 O-O 24. Rc7 Rd8+ 25. Kc2 Rxc1+ 26. Rxc1 Bxc1 27. Kxc1 Rc8 28. Rxc8+ Bxc8 29. Kc2 Kf7 30. Kc3 Ke7 31. Kd4 Kd6 32. e4 b6 33. e5+ fxe5+ 34. fxe5+ Ke7 35. Bf1 h6 36. Bb5 Be6 37. Ba6 Bh3 38. Bb5 Be6 39. Ba6 1/2-1/2

[Event "44th Chess Olympiad Open 2022"]
[Site "Chennai"]
[Date "2022.07.30"]
[Round "2.28"]
[White "Munoz Santana, Jose Lisandro"]
[Black "Supi, Luis Paulo"]
[Result "0-1"]
[WhiteElo "2423"]
[BlackElo "2603"]
[Annotator "TA"]
[PlyCount "46"]
[EventDate "2022.??.??"]
[TimeControl "60"]

1. Nf3 d5 2. e3 Nf6 3. c4 e6 4. b3 Bd6 5. Bb2 O-O 6. Nc3 c6 {[%emt 0:01:28]
6...c6 has lost popularity.} 7. d4 Nbd7 8.
Be2 b6 {[%emt 0:00:44] D45: Semi-Slav: 5 e3.} 9. O-O Bb7 10. Bd3 Re8 {[%emt 0:06:10] The
position is equal.} 11. e4 dxc4 {[%emt 0:08:12] [#]} 12. Bxc4
$146 {[%emt 0:28:17] [#] Threatens to win with e5.} ({Predecessor:} 12. bxc4 e5
13. d5 a6 14. a4 Nc5 15. Bc2 Qc7 16. Qe2 Rad8 17. Rfd1 Bc8 18. Nd2 {½-½ (30)
Nagy,G (2507)-Nguyen,T (2623) Germany 2022}) 12... e5 13. Ng5 Rf8 14. f4 exd4 15. Ne2 c5 16. e5 Bxe5
{[%emt 0:00:34] Hoping for ...Bd6.} 17. fxe5 (17. Nxf7 $16
Rxf7 18. Bxf7+ Kxf7 19. fxe5 Nxe5 20. Nxd4) 17... Nxe5 $15 18.
h3 {[%emt 0:06:54] [#]} (18. Ng3 $15) 18... h6 $1 $36 {[%emt 0:03:34] Keeping
White busy.} 19. Nf3 Bxf3 20. gxf3 Qd7 21. Nf4 Rfe8 22.
Kh2 $2 (22. a4 $17) 22... Nxc4 23. bxc4 Qd6 {[%emt 0:00:09] Weighted Error Value: White=0.83/Black=0.
07 (flawless)} 0-1

[Event "44th Chess Olympiad Open 2022"]
[Site "Chennai"]
[Date "2022.07.30"]
[Round "2.28"]
[White "Arvelo Leo, Gian Carlo"]
[Black "Mekhitarian, Krikor Sevag"]
[Result "0-1"]
[WhiteElo "2176"]
[BlackElo "2542"]
[Annotator "TA"]
[PlyCount "100"]
[EventDate "2022.??.??"]
[TimeControl "60"]

1. d4 Nf6 2. Bg5 d5 3. Bxf6 gxf6 4. c4 dxc4 5. e3 c5 6. Bxc4 {[%emt 0:04:36] D00:1 d4 d5: Unusual lines.}
cxd4 7. exd4 (7. Qh5 e6 8. Nd2 dxe3 9. fxe3
Qb6 $17) 7... Bg7 8. Ne2 {[%emt 0:03:43] The position is
equal.} O-O 9. Nbc3 Nc6 10.
O-O f5 {[%emt 0:00:16][%cal Rc6d4] The old main line.} 11. d5 Ne5 12. Bb3 a6 13. Re1 Qd6 {[%emt 0:02:02] [#]} 14. Nd4 $146 (14. Ng3 {is more complex.} f4 15. Nge4 Qg6 16. f3) ({Predecessor:} 14.
h3 b5 15. Ng3 Qh6 16. Bc2 f4 17. Qh5 fxg3 18. Qxh6 gxf2+ 19. Kxf2 Bxh6 20. Rxe5
{½-½ (31) Nurmi,R (1784)-Murillo Subia,A (1760) ICCF email 2016}) 14... Bd7 15. Nf3 ({White should try} 15. Qh5 $11) 15...
Ng6 16. h4 Rac8 17. Qd2 Rfe8 (17... Ne5 $5 18. Nxe5
Bxe5 $17) 18. Rad1 Bf6 (18... b5 $15 {
is superior.}) 19. Qh6 $11 Bg7 ({But not} 
19... Bxc3 20. bxc3 f6 21. Bc2 $14) 20. Qg5 Qf6 21. Qd2 (21. Qxf6 $11 {remains equal.} Bxf6 22. h5) 21...
Nxh4 $17 22. Ne5 {[%emt 0:00:10] [#]} (22. Nxh4 $142 Qxh4 23.
a3) 22... Rcd8 (22... f4 $1 $17 {[%cal Yf6g5] White must now
prevent ...Qg5!} 23. d6 {[#]} (23. Nxd7 $2 Qg5 $19) 23... e6 $1) 23. d6 $11 e6 $40 {[%emt 0:00:05] Black mounts an attack.} 24. Nxd7 $4 (24. f4 $1 $15) 24... Qg6 $19 25. Bd5 Rxd7 $2 (25... exd5 $19 26. Rxe8+ Rxe8 27. Qxd5 Qg4) 26. Qf4 (
26. g3 $17 {was necessary.}) 26... Qg4 27. Qxg4 fxg4 28. Ne4 Red8 29.
Bb3 Nf5 30. Nc5 Rxd6 31. Nxb7 Rxd1 32. Bxd1 (32. Rxd1 $17 {is a better defense.} Rc8 33. Rd8+ Rxd8 34. Nxd8
) 32... Rb8 33. Nc5 g3 34.
Nb3 gxf2+ 35. Kxf2 Bxb2 36. g4 Ne7 37. Kf3 Nd5 38. Nc5 a5 39.
Bb3 Nb6 40. Re2 Bd4 41. Na4 (41. Nd3 $142) 41... Nd7 42. Rc2 Rb4 43. Rc8+ Kg7 44. Ra8 Ne5+ 45. Kg3 $2 (45. Ke2 {keeps fighting.}) 45... Be3 46.
Rxa5 Rxg4+ 47. Kh3 Bf4 {
[%emt 0:00:51] ( -> ...Rg3+)} 48. Nb6 Rg3+ {[%emt 0:00:11]
Black mates.} 49. Kh4 Ng6+ 50. Kh5 e5 {[%emt 0:00:20] Weighted Error Value: White=0.73/Black=0.19 (very
precise)} 0-1

[Event "44th Chess Olympiad Open 2022"]
[Site "Chennai"]
[Date "2022.07.30"]
[Round "2.29"]
[White "Smirnov, Anton"]
[Black "Msellek, Ilyass"]
[Result "1/2-1/2"]
[WhiteElo "2600"]
[BlackElo "2398"]
[Annotator "TA"]
[PlyCount "63"]
[EventDate "2022.??.??"]
[TimeControl "60"]

1. e4 d6 2. d4 Nf6 3. Nc3 e5 4. Nf3 Nbd7 5. Bc4 Be7 6. O-O O-O 7. Re1 c6 8. a4 b6 9. Ba2 a6 10. h3 Bb7 11. Nh4 {[%emt 0:
00:00] 11.Be3 is setting a new trend. C41: Philidor Defence.} b5 12. Nf5 b4 13. Nb1 {[%emt 0:00:37]
White is much more active. The black rooks are badly placed.} (13. Ne2 $16)
13... c5 (13... exd4 $11 {keeps the balance.} 14. Qxd4 c5) 14.
dxe5 (14. d5 $16) 14... Nxe5 $11 15. f4 Ng6 {[%emt 0:01:31] [#]} 16. Nxe7+ $146 ({Predecessor:} 16. Nd2 Re8 17. c3 Bf8 18. Bb1 Qd7 19. cxb4
cxb4 20. Ng3 Nxf4 21. Nc4 d5 22. Bxf4 dxc4 {0-1 (37) Buiza Prieto,E (2110)
-Trigo Urquijo,S (2381) Zornotza 2016}) 16... Qxe7 17. f5 $1 Ne5 {[%emt 0:01:04] Pair of Knights!} 18. Bg5 $1 Rac8 19. Nd2 c4 20. Qe2 a5 21. Bxc4 Nxc4 22. Nxc4 Ba6 23. b3 Bxc4 24. bxc4 Rfe8 25. Qd3 h6 26. Bxf6 Qxf6 27. Rad1 Qh4 {[%emt 0:
00:00] Black has compensation.} 28. Qe2 (28. Qxd6 Rxe4 29.
Rxe4 Qxe4 $15) 28... Qf6 29. Qd3 Qh4 30. Re3 ({Reject} 30. Qxd6 Rxe4 31. Rxe4 Qxe4
$15) 30... Qf4 31. Qe2 Rc5 32. Qf3 {[%emt 0:03:08] Weighted Error Value: White=0.13 (very
precise) /Black=0.10 (very precise)} (32. Kh1 $15) 1/2-1/2

[Event "44th Chess Olympiad Open 2022"]
[Site "Chennai"]
[Date "2022.07.30"]
[Round "2.29"]
[White "Tan, Justin"]
[Black "Choukri, Adel"]
[Result "1-0"]
[WhiteElo "2508"]
[BlackElo "2306"]
[Annotator "TA"]
[PlyCount "57"]
[EventDate "2022.??.??"]
[TimeControl "60"]

1. e4 c5 2.
Nf3 Nc6 3. Bb5 g6 4. O-O Bg7 5. Bxc6 bxc6 6. Re1 Nf6 7. e5 Nd5 8. c4 {[%emt 0:01:04] B31: Sicilian: 2...
Nc6 3 Bb5 g6.} Nb6 9. d3 O-O 10. Nc3 {[%emt 0:01:34] White has an edge.} d6 11. h3 {
[%emt 0:05:22] [#]} dxe5 $146 (11... Bf5 $14) ({Predecessor:} 
11... d5 12. b3 e6 13. Ba3 Nd7 14. Qc1 f6 15. exf6 Qxf6 16. Bb2 Qf7 17. Na4
Bxb2 18. Qxb2 Rb8 19. Ng5 dxc4 20. Nxf7 {1-0 (20) Sigillo,C (1732)-Satter,M 
(1837) Arco 2015}) 12. Nxe5 $16 {[%emt 0:05:04] White leaves nothing to chance
now.} Bf5 13. Qe2 {[%emt 0:25:35] White is more active.} Qd6 14. g4 Bxe5 15. Qxe5 Qxe5 16. Rxe5 Bxd3 17. b3 a5 (17... Rfe8 $16 {is a
better defense.} 18. Rxc5 Rac8) 18. Bh6 $18 ({Weaker is} 18.
Rxe7 a4 $14) ({Don't play} 18. Rxc5 $6 Rfc8 $16) 18... Rfd8 19. Rxe7 ({Resist} 19. Rxc5 Rdc8) 19... a4 20. Rae1 axb3 21. axb3 Bc2 22. Ne4 Bxe4 23. R1xe4 Nd7 24. g5 {
[%emt 0:15:17] Against Nf6} Nf8 25. Rf4 Rd3
$2 (25... Ne6 26. Rfxf7 Ra3) 26. Rfxf7 {[%emt 0:02:09]
Intending Bxf8 and mate. White is clearly winning.} Rxh3 27.
Rf6 {[%emt 0:01:36] White threatens Rg7+ and mate.} Rxb3 {[%emt 0:00:52] [#]}
28. Rg7+ $1 Kh8 29. Rgf7 {[%emt 0:00:06]
Weighted Error Value: White=0.08 (flawless) /Black=0.19 (very precise)} 1-0

[Event "44th Chess Olympiad Open 2022"]
[Site "Chennai"]
[Date "2022.07.30"]
[Round "2.29"]
[White "Tissir, Mohamed"]
[Black "Cheng, Bobby"]
[Result "0-1"]
[WhiteElo "2366"]
[BlackElo "2540"]
[Annotator "ChessBase"]
[PlyCount "62"]
[EventDate "2022.??.??"]
[TimeControl "60"]

1. e4 c5 2. Nf3 d6 3. d4 cxd4 4. Nxd4 Nf6 5. Nc3 a6 6. f4 e5 7. Nf3 Nbd7 8. a4 Qc7 9. Bd3 Be7 10. O-O O-O 11. Kh1 Nc5 12. Qe1 Re8 13.
fxe5 dxe5 14. Qg3 Be6 15. Ng5 Nxd3 16. Nxe6 fxe6 17. cxd3 Rf8 18. Bg5 Nh5 19. Qg4 Bxg5 20. Qxg5 Nf4 21. Qg4 Qb6 22. a5 Qxb2 23. Na4 Qd4 24. Nb6 Rae8 25. h3 Rf6 26. Ra2 Qxd3 27. Raf2 Qxe4 28. Nd7 Rf5 29. Nxe5 h5 30. Qg3 Qxe5 31. Rxf4 g5 0-1

[Event "44th Chess Olympiad Open 2022"]
[Site "Chennai"]
[Date "2022.07.30"]
[Round "2.29"]
[White "Zrikem, Nassim"]
[Black "Zhao, Zong-Yuan"]
[Result "0-1"]
[WhiteElo "2075"]
[BlackElo "2513"]
[Annotator "ChessBase"]
[PlyCount "46"]
[EventDate "2022.??.??"]
[TimeControl "60"]

1. d4 Nf6 2. Nf3 e6 3. e3 c5 4. Bd3 d5 5. c3 Nc6 6. Nbd2 Bd6 7. O-O O-O 8. dxc5 Bxc5 9. e4 Qc7 10. Qe2 b6 11. b4 Bd6 12. Bb2 Ne5 13.
Nxe5 Bxe5 14. Nf3 dxe4 15. Nxe5 exd3 16. Nxd3 Ba6 17. Rfd1 Rad8 18. a4 Bc4 19. Qe5 Qd7 20. Qg3 e5 21. Ne1 Qxd1 22. Rxd1 Rxd1 23. Qe3 Ng4 0-1

[Event "44th Chess Olympiad Open 2022"]
[Site "Chennai"]
[Date "2022.07.30"]
[Round "2.30"]
[White "Perez Ponsa, Federico"]
[Black "Cabezas Solano, David Alejandro"]
[Result "1-0"]
[WhiteElo "2554"]
[BlackElo "2196"]
[Annotator "TA"]
[PlyCount "71"]
[EventDate "2022.??.??"]
[TimeControl "60"]

1. e4 c5 2. Nf3 Nc6 3. Bb5 g6 4. O-O Bg7 5. c3 Nf6 6. Re1 O-O 7. d4 Qb6 {[%emt 0:00:54] 7...d5 is
becoming the main line.} 8. Bxc6 {[%emt 0:02:10] B31: Sicilian: 2...Nc6 3 Bb5
g6.} dxc6 9. h3 Rd8 10. Qc2
{[%emt 0:01:42] The position is equal.} h6 (10... Nh5 $11 {
deserves consideration.}) 11. Be3 $14 cxd4 12. cxd4 {[%emt 0:00:09] [#]} Qa6 $146 ({Predecessor:} 12...
Qa5 13. Nbd2 Be6 14. Ne5 Rac8 15. Nb3 Qa4 16. Rec1 Nd7 17. Nxd7 Bxd7 18. Nc5
Qxc2 19. Rxc2 {1-0 (30) Sasikiran,K (2647)-Baklan,V (2587) Tornelo INT 2021})
13. Nbd2 Be6 14. a4 Rac8 15. b4 b6 16. Ne5 c5 17. dxc5 bxc5 {[%emt 0:00:45] [#]}
18. b5 Qb7 19. Nc6 Rxc6 20. bxc6 Qxc6 21.
Rac1 Nd7 22. Nb3 c4 (22... Bxb3 $2 23. Qxb3 Rc8 24. Red1 $18) 23. Nd4 (23. Red1 $16) 23... Bxd4 24. Bxd4 Nc5 25. Bxc5 Qxc5 26. Qc3 Kh7 27. Red1 Rc8 28. a5 Qg5 {[%emt 0:06:24] This costs Black the game.} (
28... Qc6 $14) 29. Rb1 $18 Qf4 $2 (29... a6 30. Rb6 Ra8) 30. Rb7 Qxe4 31. Rxe7 {[%emt 0:04:39] [#] Hoping for Re1.} a6 (31... Rb8 $142 32. Qf6 (32. Rxa7 Rb1 $18) 32... Qf5 33. Qxf5
gxf5 34. Rxa7 c3) 32. Re1 Qd3 33. Qxd3 cxd3 34. R1xe6 d2 35. Rxf7+ Kg8 36. Rd7 {[%emt 0:00:04]
Weighted Error Value: White=0.05 (flawless) /Black=0.67} 1-0

[Event "44th Chess Olympiad Open 2022"]
[Site "Chennai"]
[Date "2022.07.30"]
[Round "2.30"]
[White "Flores, Diego"]
[Black "Chinchilla Miranda, Eugenio"]
[Result "1-0"]
[WhiteElo "2528"]
[BlackElo "2206"]
[Annotator "TA"]
[PlyCount "75"]
[EventDate "2022.??.??"]
[TimeControl "60"]

1. Nf3 d5 2. e3 Nf6 3. c4 e6 4. Nc3 c5 5. cxd5 exd5 6. Bb5+ Nc6 7. d4 cxd4 {[%emt 0:02:05] is currently
scoring better than 7...Bd6.} 8. Nxd4 Bd7 9.
O-O Bd6 {[%emt 0:02:11] D32: Tarrasch Defence: Sidelines and
lines without g3.} 10. b3 O-O 11. Bb2 Rc8 {[%emt 0:05:49] The position is equal.} 12. Rc1 Re8 {[%emt 0:06:29] [#]} 13. Nce2 $146 ({Predecessor:
} 13. Nxc6 bxc6 14. Be2 h5 15. Qd4 Ng4 16. Bxg4 Bxg4 17. Na4 Qg5 18. f4 Qg6 19.
Qxa7 {½-½ (27) Andreikin,D (2724)-Afanasiev,N (2540) Bryansk 2021}) 13... a6 14. Bd3 Ne4 15. Ng3 Bxg3 16. hxg3 Ne5 17. Rxc8 Bxc8 18. Be2 (18. Ne2 $5 Ng4 19. Nf4 $14) 18...
Qd6 19. g4 Bd7 20. Nf5 Bxf5 21. gxf5 f6 22. Qd4 Nc6 {[%emt 0:02:08] Pair of Knights!} 23. Qb6 Qd7 24. Bd3 $1 Ne5 25. Bxe5 Rxe5 {[%emt 0:02:17] [#]} 26. Rc1 $1 {
[%emt 0:01:37][%cal Yf1c1,Yc1c5,Yc5d5,Yd5d8] Inhibits Qc8. Hoping for f3.} Re7 (26... Rxf5 $2 27. Rc7 Qe8 28. Qxb7 $18) 27. Qd4 {[%emt 0:01:
57] White is more active.} h6 {[%emt 0:02:02] [#]} (27... Qxf5 $2 28. f3 $18)
28. f3 $1 Ng5 29. Rc5 Qd6 (29... Kh7 {was necessary.} 30. f4 (30.
Rxd5 Qc7 $16) 30... Nf7 31. Rxd5 Qc6) 30. f4 $18 ({Don't take
} 30. Rxd5 $6 Qg3 31. Kf1 (31. Rd8+ Kh7 $16) 31... Nxf3 32. gxf3 Qxf3+ 33. Ke1
Rxe3+ 34. Kd2 Qf2+ 35. Kc3 Kh7 $16) 30... Nf7 31. Rxd5 Qa3 32. Bc4 {[%emt 0:00:00] Threatens to win
with Rd8+.} Qc1+ (32... b5 $142) 33. Kh2 (33.
Kf2 $142 b5 34. Rd8+ Kh7 35. Bxf7 Rxf7 36. Qd5) 33... b5 34.
Rd8+ Kh7 35. Bxf7 {[%emt 0:00:07] Dancing on
a razor blade.} Rxf7 36. Qe4 {[%emt 0:01:19] Qa8 would kill
now.} Qe1 37. Qf3 {[%emt 0:00:00] Intending Qg4 and mate.} Re7
$2 (37... Qh4+ $18 38. Qh3 Qxh3+ 39. Kxh3 Rc7) 38. Qh5 {[%emt 0:00:21]
Weighted Error Value: White=0.16 (very precise) / Black=0.39} 1-0

[Event "44th Chess Olympiad Open 2022"]
[Site "Chennai"]
[Date "2022.07.30"]
[Round "2.30"]
[White "Arias Santana, Mauricio"]
[Black "Peralta, Fernando"]
[Result "0-1"]
[WhiteElo "2318"]
[BlackElo "2591"]
[Annotator "TA"]
[PlyCount "102"]
[EventDate "2022.??.??"]
[TimeControl "60"]

1. Nf3 Nf6 2. c4 e6 3. g3 b6 4. Bg2 Bb7 5. O-O Be7 6. d4 O-O 7. Nc3 Ne4 8. Bd2 Bf6 9. Rc1 Nxd2 10. Qxd2 d6 11.
d5 {[%emt 0:00:10] has lost popularity (11.e4).} e5 12. e4 {
[%emt 0:00:25] E18: Queen's Indian: Old Main Line (4 g3 Bb7 5 Bg2 Be7 6 0-0
0-0 7 Nc3).} a5 13. h4 {[%emt 0:00:16] [#]} Bc8 $146 ({Predecessor:} 13... Nd7 14. Bh3 Nc5 15. Ne1 g6 16. Nd3 Ba6 17. b3 h5
18. Nxc5 bxc5 19. Qd3 Bg7 20. Kh2 Qe7 21. Rce1 Bh6 22. Rd1 Rab8 23. Qc2 Ra8 24.
Qd3 Rab8 25. Qc2 Ra8 26. Qd3 {½-½ (26) Shimanov,A (2650)-Khismatullin,D 
(2674) Khanty-Mansiysk 2013}) 14. Kh2 {[%emt 0:04:32][%cal Yg1h2,Yh2h3,Yh3g2]
The position is equal.} Be7 15. Bh3 Bxh3 16. Kxh3 Qd7+ 17. Kg2 f5 18. exf5 $1 Qxf5 19. Qe2 Na6 20. Ne4 Qg6 21. Rce1 Rf5 22. Kh2 Raf8 23. Ng1 Nc5 24. Nxc5 bxc5 25. f3 Qh6 {[%emt 0:14:36][%cal Ye7h4] And now ...Bxh4! would win.} 26. Nh3 Rh5 27. f4 Bxh4 28. gxh4 Rxh4 29. Qg2 (29. Qe3 $11) 29... Rfxf4 $19 30. Rxf4 Qxf4+ (30... Rxf4 31. Re4 $11) 31. Kg1 Qxc4 {
[%emt 0:06:11] Threatens to win with ...Rg4.} 32. Nf2 {[%emt 0:01:31] Against
Rg4} (32. Qf3 {is a better defense.}) 32... Rh6 (32... Qxa2
$19 33. Qg5 Rf4 34. Qd8+ Rf8 35. Qxc7 Qb3) 33. Qe4 $17 Rg6+ $1 (33... Qxa2 34. Qf5 Rf6 35. Qc8+ Rf8 36. Qe6+ Kh8 37. Qe7 $17)
34. Kh2 Qxa2 35. Qf5 Rf6 $1 (35... Qxd5 $6 36. Qc8+ Kf7 37. Qd7+ Kf8 38. Qc8+ Ke7 39.
Qxc7+ Ke6 40. Qc8+ (40. Ne4 Rh6+ 41. Kg2 Kf5 $11) 40... Ke7 41. Qc7+ (41. Ne4
$2 Qe6 $19) 41... Kf8 42. Qc8+ (42. Ne4 Rh6+ 43. Kg2 Ke8 $11) 42... Ke7 43.
Qc7+ $11 (43. Ne4 $2 Qe6 $19)) (35... Qxb2 $2 36. Rb1 Rh6+ 37. Kg1 Qxf2+ 38.
Qxf2 $18) 36. Qc8+ Rf8 37. Qe6+ Kh8 38. Qe7 {[%emt 0:02:22][%cal Re7f8] [#]} Rg8 ({Worse is} 38... Rxf2+ 39. Kg1 h6 40. Kxf2 $11) 39. Qf7 c6 ({Black should try} 39... Qxb2 $19 {
Hoping for ...a4.} 40. Rg1 Qd2) 40. Rd1 $15 h6 (40... Qxb2 $6 41. dxc6 e4 42. c7 $11) ({Better is} 40... a4 $17 {Strongly
threatening ...h6.} 41. Kg1 cxd5 42. Qxd5 Qxb2) 41. Qf3 (41.
Ne4 $15) 41... cxd5 $17 ({Much weaker is} 41... Qxb2 $6 42.
dxc6 c4 43. Rxd6 $11) 42. Rxd5 e4 43. Qxe4 Qxb2 44. Rf5 (44. Kg3 $142)
44... Qb8 45. Kg1 Re8 46.
Qd5 {[%emt 0:00:42] [#]} (46. Qa4 {was necessary.}) 46... a4 $1 $19 47. Ne4 $2 (47. Rf3 {was worth a try.}) 47... Re5 $2 ({Not} 47... Qb1+ $2 48. Rf1 Qb4 49. Ng3 $19) (47... Qb4 $19 {
has better winning chances. ...a3 is the strong threat.} 48. Ng3 a3) 48. Rxe5
$17 dxe5 49. Nd6 $2 (49. Nc3
$17 {was the crucial defense.}) 49... Qb1+ $19 50. Kh2 (50. Kf2 $142 Kh7 51. Qf3) 50... a3 $2 (50...
Qc2+ 51. Kg1 a3 52. Qa8+ Kh7 53. Qxa3 Qd1+ 54. Kf2 Qxd6) 51. Qxe5 $2 (51. Qa8+ $19 Kh7 52. Qxa3 Qc2+ 53. Kh3) 51... Qb2+ {[%emt 0:00:00]
Weighted Error Value: White=0.54/Black=0.38} 0-1

[Event "44th Chess Olympiad Open 2022"]
[Site "Chennai"]
[Date "2022.07.30"]
[Round "2.30"]
[White "Chaves Sanchez, Gabriel A"]
[Black "Tristan, Leonardo"]
[Result "0-1"]
[WhiteElo "2125"]
[BlackElo "2558"]
[Annotator "ChessBase"]
[PlyCount "78"]
[EventDate "2022.??.??"]
[TimeControl "60"]

1. e4 e5 2. Nf3 Nc6 3. Bb5 a6 4. Ba4 Nf6 5. O-O Nxe4 6. d4 Be7 7. Re1 b5 8. Bb3 d5 9. dxe5 Be6 10. c3 O-O 11. Nbd2 Nc5 12. Bc2 d4 13.
Ne4 dxc3 14. Nxc3 Nb4 15. Bb1 Qxd1 16. Rxd1 Rfd8 17. Nd4 Ncd3 18. Nxe6 fxe6 19. a3 Nxc1 20. Rxc1 Bg5 21. Rf1 Nd3 22. Bxd3 Rxd3 23. Ne4 Bf4 24. Nc5 Rd5 25. Nxe6 Bxe5 26. Rac1 Bxb2 27. Rxc7 Rd6 28. Ng5 Bxa3 29. f4 h6 30. Nf3 Rad8 31. Ne5 Bb2 32. Nc6 R6d7 33. Nxd8 Rxc7 34. Kf2 Bf6 35. Ne6 Rc6 36. Re1 b4 37. f5 b3 38. Nf4 b2 39. Ng6 Rc8 0-1

[Event "44th Chess Olympiad Open 2022"]
[Site "Chennai"]
[Date "2022.07.30"]
[Round "2.31"]
[White "Grandelius, Nils"]
[Black "Zaibi, Amir"]
[Result "1-0"]
[WhiteElo "2655"]
[BlackElo "2398"]
[Annotator "TA"]
[PlyCount "103"]
[EventDate "2022.??.??"]
[TimeControl "60"]

1.
d4 Nf6 2. c4 g6 3. Nc3 Bg7 4. e4 d6 5. Be2 O-O 6. Be3 c5 7. d5 e6 8. Nf3 {
[%emt 0:00:13] E73: King's Indian: Averbakh Variation without 6...c5.} exd5 9. cxd5 b5 10. e5 {[%emt 0:
00:00] White is slightly better.} Ng4 11. Bg5 ({But not} 11. Nxb5 Nxe5 12. Nxe5 Bxe5 $11) (11. Bxb5 Nd7 $11) 11... f6 {
[%emt 0:01:17] [#]} 12. exf6 Bxf6 13. Bxf6 Qxf6 14. Nxb5 {[%emt 0:06:04] [#] Black must
now prevent Nc7.} Ba6 $146 {[%emt 0:27:59] [#]} (14... Nd7 $16) ({Predecessor:
} 14... Nd7 15. O-O Nb6 16. h3 Nh6 17. Qd2 Nf5 18. Rae1 Bd7 19. Nc3 Rae8 20.
Bd3 Nd4 21. Nxd4 Qxd4 {1-0 (49) Badelka,O (2397)-Goluch,P (2351) Lvov 2018})
15. O-O $1 $18 Bxb5 16. Bxb5 a6 17. Ba4 Ra7 18. h3 Ne5 19. Nxe5 Qxe5 20. Qc2 Rb7 21. b3 Rb4 (21... Re7 $16 {might work better.}
22. Qd2 Qf4 23. Qxf4 Rxf4) 22. Rfe1 $36 {[%emt 0:05:30] White has strong
initiative.} Qxd5 23. Rad1 Rd4 24. b4 {[%emt 0:02:45] And now Rxd4 would win.} Rc8 $2 (
24... Rxd1 $16 25. Rxd1 Qe5 26. bxc5 dxc5) 25. Bb3 {[%emt 0:00:00][%cal Ya4b3,
Yb3c4,Yc4a6,Ya6b7] Threatening mate with Rxd4.} c4 26. Rxd4 Qxd4 27. Rd1 Qf4 28. g3 Qe5 29. Bxc4+ Kg7 30. Qd3 Nc6 31. a3 ({Weaker is} 31. Qxd6 Qxd6 32. Rxd6 Nxb4 $18) (31.
Bxa6 Nxb4 32. Qxd6 Qxd6 33. Rxd6 Ra8 $16) 31... a5 32. Ba6 Rd8 (32... Rf8 $142 33. f4 Qb2) 33. Bb7 Ne7 34. bxa5 Qxa5 35. Qd4+ Kf7 36. Rd3 Qe1+ $2 (36... Kg8 37. Re3 Rd7) 37. Kg2 Qe6 38. Rf3+ Kg8 39. a4 Rb8 40. Re3 $2 (40. Qb6 {Threatens
to win with a5.} Nd5 41. Bxd5 Rxb6 42. Bxe6+ Kh8 43. Rf8+ Kg7 44. Rf7+ Kh6 45.
Ra7) 40... Nf5 41. Rxe6 {[%emt 0:30:24][%cal Yd4f6] Qf6!
would kill now.} Nxd4 42. Rxd6 Rxb7 43. Rxd4 {[%emt 0:00:06] Endgame KR-KR} Rb3 (43... Kf7
{keeps fighting.} 44. Rd5 Ke6) 44. Rd7 Kh8 (
44... Ra3 $142 45. Ra7 Kf8) 45. a5 {[%emt 0:00:00][%cal Ya4a5,Ya5a6] White
threatens a6 and mate.} Ra3 46. Ra7 Kg8 47. a6 Kh8 48. f4 {[%emt 0:
00:00] Strongly threatening g4.} Kg8 49. g4 Ra5 50. Kf3 (50. Ra8+ $142 Kg7 51. a7) 50...
Ra3+ 51. Ke4 Rxh3 52. Rb7 {
[%emt 0:00:00] Weighted Error Value: White=0.25 (precise) /Black=0.40} 1-0